 Dungeon Crawl Stone Soup version 0.30-a0-883-g5ad918d77d (webtiles) character file.

Game seed: 10281410067160551353

44 Pimp the Shield-Bearer (level 3, 0/30 HPs)
             Began as a Formicid Fighter on Mar 15, 2023.
             Slain by a worm (6 damage)
             ... on level 2 of the Dungeon.
             The game lasted 00:01:42 (924 turns).

Pimp the Shield-Bearer (Formicid Fighter)            Turns: 924, Time: 00:01:42

Health: 0/30       AC:  7    Str: 22    XL:     3   Next: 87%
Magic:  3/3        EV:  9    Int: 13    God:
Gold:   84         SH:  0    Dex: 13    Spells: 2/2 levels left

rFire   . . .      SeeInvis +    a - +0 war axe
rCold   . . .      Faith    .    c - +0 buckler
rNeg    . . .      Spirit   .    b - +0 scale mail
rPois   .          Reflect  .    (helmet unavailable)
rElec   .          Rampage  .    (no cloak)
rCorr   .                        (no gloves)
Will    .....                    (no boots) Stlth
                                 (no amulet)
HPRegen 0.25/turn                i - +6 ring of intelligence
MPRegen 0.08/turn                (no ring)

@: confused, ambrosia-drunk
A: permanent stasis, dig shafts and tunnels, antennae 3, four strong arms
a: Dig, Shaft Self


You were on level 2 of the Dungeon.
You visited 1 branch of the dungeon, and saw 2 of its levels.

You collected 84 gold pieces.

Inventory:

Hand Weapons
 a - a +0 war axe (weapon)
Armour
 b - a +0 scale mail (worn)
 c - a +0 buckler (worn)
Jewellery
 i - a +6 ring of intelligence (left hand)
Scrolls
 f - 3 scrolls of fog {unknown}
 g - a scroll of identify {unknown}
 h - a scroll of amnesia {unknown}
Potions
 d - a potion of might


   Skills:
 + Level 3.7 Fighting
 + Level 2.6 Axes
 + Level 3.7 Armour
 + Level 4.6 Shields


You had 2 spell levels left.
You didn't know any spells.
Your spell library was empty.

Dungeon Overview and Level Annotations

Branches:
Dungeon (2/15)

Altars:

Annotations:
D:2 Robin


Innate Abilities, Weirdness & Mutations

You cannot be hasted, slowed, berserked, paralysed or teleported.
You can dig through walls and to a lower floor.
You have a pair of large antennae on your head. (SInv)
Your four strong arms can wield two-handed weapons with a shield.


Message History

You hit Robin but do no damage.
Robin is heavily wounded.
You slash the hobgoblin!
You kill the hobgoblin!
You hit the goblin. Robin barely misses you.
The goblin unwields a +0 sling.
The goblin wields a +0 club.
The goblin misses you. Robin barely misses you.
You slash Robin!
Robin is almost dead.
You slash the goblin!
You kill the goblin!
Robin barely misses you.
You barely miss Robin.
Robin is almost dead.
Robin drinks a potion.
Robin is healed!
You barely miss Robin.
Robin is heavily wounded.
Robin zaps a wand.
The puff of flame misses you. Robin barely misses you.
You barely miss Robin.
Robin is heavily wounded.
You hit the worm. Robin hits you with a +0 dagger. The worm barely misses you.
You barely miss Robin.
Robin is heavily wounded.
You hit the worm. Robin hits you but does no damage.
You block the worm's attack.
Robin zaps a wand.
The puff of flame hits you.
You barely miss Robin.
Robin is heavily wounded.
You slash the worm! Robin hits you but does no damage. The worm bites you.
You barely miss Robin.
Robin is heavily wounded.
You barely miss the worm. Robin hits you but does no damage.
You hit Robin.
Robin is almost dead.
You hit the worm but do no damage. Robin closely misses you.
The worm bites you but does no damage.
Robin zaps a wand.
The puff of flame hits you!
* * * LOW HITPOINT WARNING * * *
It was a potion of ambrosia.
You are confused.
You feel invigorated. The worm bites you.
You die...

..... ## #....
.. # #.#.##.#
#.#.#..#.#
#.#.#....#
#.#.#รท...#
#.#....<...#
#.....w....#
#####.#@...#...
#.#g.......
#.#........
#.#.##.##..
#w#.# .# ..
#.#?# .# #'#.#
..... g..


You could see a worm and Robin.

Vanquished Creatures
  7 endoplasms
  A giant cockroach (D:1)
  10 goblins
  8 hobgoblins
  A quokka (D:1)
  A ball python (D:2)
  A bat (D:1)
  A frilled lizard (D:1)
  2 kobolds (D:1)
  4 rats (D:1)
36 creatures vanquished.

Notes
Turn   | Place    | Note
-------+----------+-------------------------------------------
     0 | D:1      | Pimp the Formicid Fighter began the quest for the Orb.
     0 | D:1      | Reached XP level 1. HP: 18/18 MP: 1/1
   153 | D:1      | Reached XP level 2. HP: 24/24 MP: 2/2
   388 | D:1      | Reached XP level 3. HP: 29/29 MP: 3/3
   729 | D:2      | Noticed Robin
   923 | D:2      | HP: 1/30 [Robin/puff of flame (9)]
   924 | D:2      | Slain by a worm

Illustrated notes

Levels and vault maps discovered:
D:1:      heliophobic_arrival_henge, layout_basic, minmay_tetromino_t2
D:2:      layout_basic, chequers_avenue, st_stairs_8, lemuel_flame_loot_1,
          uniq_natasha, uniq_robin

Action                     || total
---------------------------++-------
  Melee: War axe           ||    71
    Use: Potion            ||     1
 Armour: Scale mail        ||    37
  Dodge: Dodged            ||    44
  Block: Buckler           ||    20

Table legend: (Time is in decaauts)
 A = Elapsed time spent in this place.
 B = Non-inter-level travel time spent in this place.
 C = Inter-level travel time spent in this place.
 D = Time resting spent in this place.
 E = Time spent auto-exploring this place.
 F = Levels seen in this place.
 G = Mean time per level.
                   A        B        C        D        E       F      G
               +--------+--------+--------+--------+--------+-----+--------+
         Total |    955 |    952 |      3 |    152 |    553 |   2 |  477.5 |
       Dungeon |    955 |    952 |      3 |    152 |    553 |   2 |  477.5 |
               +--------+--------+--------+--------+--------+-----+--------+

Top non-repeatable levels by time:
     D:1: 903 daAuts
     D:2: 52 daAuts
